 Dungeon Crawl Stone Soup version 0.30-a0-757-ga6a79fd877 (webtiles) character file.

Game seed: 6431327737423805181

42 retardedninja the Covered (level 3, 0/24 HPs)
             Began as a Gargoyle Fighter on Feb 9, 2023.
             Frozen to death by an endoplasm (3 damage)
             ... on level 2 of the Dungeon.
             The game lasted 00:01:20 (996 turns).

retardedninja the Covered (Gargoyle Fighter)         Turns: 996, Time: 00:01:21

Health: 0/24       AC: 10    Str: 21    XL:     3   Next: 56%
Magic:  3/3        EV:  9    Int:  8    God:
Gold:   71         SH:  4    Dex:  9    Spells: 2/2 levels left

rFire   . . .      SeeInvis .    a - +0 flail
rCold   . . .      Faith    .    c - +0 buckler
rNeg    + . .      Spirit   .    b - +0 scale mail
rPois   ∞          Reflect  .    (no helmet)
rElec   +          Harm     .    (no cloak)
rCorr   .          Rampage  .    (no gloves)
Will    .....                    (no boots) Stlth
                                 (no amulet)
HPRegen 0.24/turn                (no ring)
MPRegen 0.08/turn                (no ring)

@: attractive
A: sickness immunity, AC +3, negative energy resistance 1, electricity
resistance, torment resistance 1, petrification resistance
a: no special abilities


You were on level 2 of the Dungeon.
You visited 1 branch of the dungeon, and saw 2 of its levels.

You collected 71 gold pieces.

Inventory:

Hand Weapons
 a - a +0 flail (weapon)
Armour
 b - a +0 scale mail (worn)
 c - a +0 buckler (worn)
Scrolls
 e - a scroll of immolation {unknown}
 f - a scroll of vulnerability {unknown}
 h - 3 scrolls of teleportation {unknown}
 k - a scroll of amnesia {unknown}
 l - a scroll of identify {unknown}
 m - a scroll of silence {unknown}
Potions
 d - a potion of might
 g - a potion of heal wounds {unknown}
 j - a potion of curing {unknown}


   Skills:
 + Level 3.7 Fighting
 + Level 2.5 Maces & Flails
 + Level 3.8 Armour
 + Level 3.7 Shields


You had 2 spell levels left.
You didn't know any spells.
Your spell library was empty.

Dungeon Overview and Level Annotations

Branches:
Dungeon (2/15)

Altars:


Innate Abilities, Weirdness & Mutations

You are immune to sickness and miasma.
Your stone body is resilient. (AC +3)
You are immune to poison.
You resist negative energy. (rN+)
You are resistant to electric shocks. (rElec)
You are resistant to unholy torment.
You are immune to petrification.


Message History

You are too injured to fight recklessly!
You are too injured to fight recklessly!
You are too injured to fight recklessly!
You closely miss the adder. You block the adder's attack.
The endoplasm barely misses you. You block the adder's attack.
The adder bites you but does no damage.
You barely miss the adder. The adder closely misses you.
You block the endoplasm's attack. The adder bites you.
The adder bites you but does no damage.
The endoplasm hits you but does no damage.
The adder bites you but does no damage.
You completely miss the adder.
The adder is almost dead.
The adder completely misses you. The adder bites you but does no damage.
The endoplasm closely misses you. The adder bites you.
You closely miss the adder.
The adder is almost dead.
The adder bites you. The endoplasm closely misses you.
The adder barely misses you. You block the adder's attack.
You sock the adder!
You kill the adder!
The endoplasm barely misses you. The adder barely misses you.
It was a potion of attraction.
You feel attractive to monsters. The adder bites you but does no damage.
You block the endoplasm's attack. The adder bites you.
You sock the adder!
The adder is almost dead.
The endoplasm freezes you.
You are frozen.
* * * LOW HITPOINT WARNING * * *
The adder closely misses you. The endoplasm freezes you.
You are frozen.
* * * LOW HITPOINT WARNING * * *
You thump the adder!
You kill the adder!
The endoplasm freezes you.
You are frozen.
You die...

## # .## #.
####.. .J.
#....# ..
#....
#.#.(.######.
#...J@†l.....
####.########
#.# ##'##
##...##
##.....##
#..<.†..#
#.........#
+.........+


You could see an endoplasm and a frilled lizard.

Vanquished Creatures
  2 adders (D:2)
  A worm (D:2)
  3 ball pythons (D:1)
  4 bats (D:1)
  5 endoplasms (D:1)
  2 giant cockroaches (D:1)
  A goblin (D:1)
  A hobgoblin (D:1)
  2 jackals (D:1)
  7 kobolds (D:1)
  A frilled lizard (D:1)
  A rat (D:2)
30 creatures vanquished.

Notes
Turn   | Place    | Note
-------+----------+-------------------------------------------
     0 | D:1      | retardedninja the Gargoyle Fighter began the quest for the
                  | Orb.
     0 | D:1      | Reached XP level 1. HP: 14/14 MP: 1/1
    62 | D:1      | Reached XP level 2. HP: 7/19 MP: 2/2
   576 | D:1      | Reached XP level 3. HP: 18/23 MP: 3/3
   996 | D:2      | Frozen to death by an endoplasm

Illustrated notes

Levels and vault maps discovered:
D:1:      spicycebolla_arrival_xxxplode, layout_loops_ring,
          minmay_tiny_reverse_x
D:2:      layout_loops_corners, shapermc_ecumenical_altar_mp_urbaneastern

Action                     || total
---------------------------++-------
  Melee: Flail             ||   129
    Use: Potion            ||     1
 Armour: Scale mail        ||   104
  Dodge: Dodged            ||    79
  Block: Buckler           ||    46

Table legend: (Time is in decaauts)
 A = Elapsed time spent in this place.
 B = Non-inter-level travel time spent in this place.
 C = Inter-level travel time spent in this place.
 D = Time resting spent in this place.
 E = Time spent auto-exploring this place.
 F = Levels seen in this place.
 G = Mean time per level.
                   A        B        C        D        E       F      G
               +--------+--------+--------+--------+--------+-----+--------+
         Total |   1038 |   1034 |      4 |    153 |    619 |   2 |  519.0 |
       Dungeon |   1038 |   1034 |      4 |    153 |    619 |   2 |  519.0 |
               +--------+--------+--------+--------+--------+-----+--------+

Top non-repeatable levels by time:
     D:1: 998 daAuts
     D:2: 39 daAuts
